 Dungeon Crawl Stone Soup version 0.21.0-3-g78d12a8 (webtiles) character file.

11765 Inarius the Frost Mage (level 11, -10/77 HPs)
             Began as a Green Draconian Ice Elementalist on Jan 10, 2018.
             Was a Believer of Hepliaklqana.
             Mangled by a two-headed ogre
             ... wielding a cursed -1 giant spiked club
              (25 damage)
             ... on level 12 of the Dungeon.
             The game lasted 00:46:47 (14259 turns).

Inarius the Frost Mage (DrIE)                      Turns: 14259, Time: 00:46:48

Health: -10/77     AC:  6    Str: 15    XL:     11   Next: 53%
Magic:  4/20       EV: 15    Int: 18    God:    Hepliaklqana [**....]
Gold:   294        SH:  6    Dex: 18    Spells: 11/23 levels left

rFire    + . .     SeeInvis .   H - +10 falchion of Eternal Harmony {slice, *Corrode rElec rC++}
rCold    + + .     Gourm    .   y - +1 buckler (curse)
rNeg     . . .     Faith    .   (armour unavailable)
rPois    +         Spirit   .   G - +0 hat
rElec    +         Reflect  .   (no cloak)
rCorr    .         Harm     .   (no gloves)
MR       +....                  e - +2 pair of boots of Melancholy {*Slow rF+ Str+3 Dex+7}
Stlth    +++.......             F - amulet of magic regeneration
HPRegen  0.22/turn              C - ring of wizardry
MPRegen  0.42/turn              f - ring of protection from magic

@: about to teleport, corroded
A: breathe noxious fumes, unfitting armour, reduced essence, horns 2, camouflage
1, sense surroundings 1, poison resistance, cold-blooded, AC +7
a: Breathe Noxious Fumes, Recall Ancestor, Ancestor Identity, Renounce Religion


You were on level 12 of the Dungeon.
You worshipped Hepliaklqana.
Hepliaklqana was pleased with you.
You were not hungry.

You visited 1 branch of the dungeon, and saw 12 of its levels.
You also visited: Labyrinth, Sewer and Ossuary.

You collected 494 gold pieces.
You spent 200 gold pieces at shops.

Inventory:

Hand Weapons
 n - a +2 dagger of electrocution
 H - the +10 falchion of Eternal Harmony (weapon) {slice, *Corrode rElec rC++}
   (You bought it in a shop on level 11 of the Dungeon)

   It inflicts extra damage upon your enemies.
   It greatly protects you from cold.
   It insulates you from electricity.
   It may corrode you when you take damage.
Armour
 e - the +2 pair of boots of Melancholy (worn) {*Slow rF+ Str+3 Dex+7}
   (You found it on level 4 of the Dungeon)

   It affects your strength (+3).
   It affects your dexterity (+7).
   It protects you from fire.
   It may slow you when you take damage.
 y - a cursed +1 buckler (worn)
 G - a +0 hat (worn)
Jewellery
 f - a ring of protection from magic (right hand)
 o - an uncursed ring of protection from fire
 C - a ring of wizardry (left hand)
 D - a +5 amulet of reflection
 F - an amulet of magic regeneration (around neck)
 I - the ring of Icesobe {*Tele MR++ Int+2 SInv Stlth-}
   (You found it in a labyrinth)

   [ring of teleportation]

   It may teleport you next to monsters.
   It affects your intelligence (+2).
   It affects your resistance to hostile enchantments.
   It lets you see invisible.
   It makes you less stealthy.
 L - an uncursed amulet of rage {unknown}
 N - an uncursed amulet of faith {unknown}
Wands
 a - a wand of paralysis (11)
 i - a wand of disintegration (20)
 B - a wand of flame (34)
 E - a wand of acid (16)
 O - a wand of iceblast (10)
 P - a wand of random effects (42)
Scrolls
 d - a scroll of noise {unknown}
 j - a scroll of teleportation
 k - 4 scrolls of enchant weapon {unknown}
 m - 6 scrolls of random uselessness {unknown}
 p - 10 scrolls of remove curse
 q - a scroll of fog {unknown}
 r - 2 scrolls of fear {unknown}
 x - 12 scrolls of immolation
 A - a scroll of blinking
 J - a scroll of brand weapon {unknown}
 Q - a scroll of silence {unknown}
Potions
 c - 2 potions of flight
 g - 4 potions of lignification
 h - 5 potions of curing
 l - 3 potions of magic
 s - 2 potions of mutation
 t - a potion of haste
 u - 2 potions of invisibility
 v - 2 potions of agility
 w - 2 potions of heal wounds
 z - 2 potions of ambrosia
Books
 M - Sif Muna's Reference Book on Transmigration
   (You found it in a labyrinth)

   Spells                             Type                      Level
   a - Passwall                       Transmutation/Earth          2
   b - Ice Form                       Ice/Transmutation            4
   c - Petrify                        Transmutation/Earth          4
   d - Alistair's Intoxication        Transmutation/Poison         5
Miscellaneous
 K - a crystal ball of energy
Comestibles
 b - 15 rations


   Skills:
 + Level 5.0 Fighting
 + Level 5.2 Dodging
 - Level 1.7 Stealth
 + Level 3.4 Shields
 - Level 6.5 Spellcasting
 + Level 6.6 Conjurations
 + Level 3.6 Charms
 + Level 3.9 Summonings
 * Level 12.4 Ice Magic


You had 11 spell levels left.
You knew the following spells:

 Your Spells              Type           Power        Failure   Level  Hunger
a - Freeze                Ice            ####         1%          1    None
b - Ozocubu's Armour      Chrm/Ice       ####....     1%          3    ##.....
c - Throw Icicle          Conj/Ice       #####...     1%          4    ####...
d - Summon Ice Beast      Ice/Summ       #####...     1%          4    ####...


Dungeon Overview and Level Annotations

Branches:
Dungeon (12/15)            Temple (0/1) D:7            Lair (0/6) D:10
    Orc (0/2) D:10

Altars:
Ashenzari
Gozag
Hepliaklqana
Okawaru
Trog
Xom
Zin

Shops:
D:11 (

Annotations:
D:12 Frances


Innate Abilities, Weirdness & Mutations

You can breathe blasts of noxious fumes.
Your lurid green scales are hard. (AC +7)
You cannot fit into any form of body armour.
Your system is resistant to poisons. (rPois)
You are cold-blooded and may be slowed by cold attacks.
Your life essence is reduced to manifest your ancestor. (-10% HP)
You have a pair of horns on your head.
Your skin changes colour to match your surroundings (Stealth+).
You passively map a small area around you.


Message History

You kill the deep elf mage!
The fire elemental disappears in a puff of smoke!
Onaxys is no longer covered in acid.
Put on which piece of jewellery? (? for menu, Esc to quit)
You're wearing all the rings you can.
Remove which one? (? for menu, Esc to cancel) < or
o - a ring of protection from fire > or
f - a ring of protection from magic You remove your ring of protection from fire.
C - a ring of wizardry (left hand) Frances, Duchess of Pandemonium comes into view.
She is wielding a flail.
Frances is nearby!
A two-headed ogre comes into view.
It is wielding a giant spiked club and a giant club.
You see here a dagger.
As you read the scroll of teleportation, it crumbles to dust.
You feel strangely unstable.
The two-headed ogre hits you with a giant spiked club!!
* * * LOW HITPOINT WARNING * * *
The two-headed ogre hits you with a giant club!!
You die...

#......^.# #..# #..# #..#
**#.....[..#####..#####..####..##
,................................
,........>...)∩..................
*##..######..####################
#..* #..# *,,* #..#
***..######..###########*********
,,,...........)O@.......,,,,,,,,,
,,,............R........,,,,,,,,,
***#############..######*,,*****,
#..# *,,* *, #@.# *,,* *, #).#
*,,* *, #..# *,,* *, #..# *,,* *,
#@!# *,,* *,


You could see the friendly Onaxys the knight, Frances and a two-headed ogre.

Vanquished Creatures
  Gastronok (D:11)
  A two-headed ogre (D:8)
  A deep elf mage (D:12)
  2 ugly things
  Joseph (D:8)
  A gargoyle (D:11)
  2 hippogriffs
  2 yaks (D:9)
  A wraith (D:10)
  A hungry ghost (D:7)
  2 wargs
  Purgy (Sewer)
  2 black bears
  5 orc warriors
  2 sky beasts
  2 phantoms
  2 ogres (D:6)
  A centaur (D:6)
  2 big kobolds
  A bullfrog (D:7)
  2 scorpions
  5 killer bees
  A howler monkey (D:4)
  3 crimson imps
  9 hounds
  3 human zombies (Ossuary)
  2 centaur zombies
  4 jellies
  14 orc priests
  A bullfrog skeleton (D:11)
  An iguana (D:5)
  Jessica (D:2)
  10 orc wizards
  7 worker ants
  A big kobold zombie (Ossuary)
  3 mummies (Ossuary)
  A hound skeleton (D:4)
  A howler monkey zombie (D:8)
  Robin (D:2)
  3 gnolls (D:9)
  9 adders
  A river rat (D:5)
  2 shadow imps
  An adder zombie (D:7)
  3 worms
  2 dart slugs
  3 leopard geckos
  27 orcs
  6 ball pythons
  6 giant cockroaches
  A gnoll zombie (Ossuary)
  15 goblins
  8 hobgoblins
  9 jackals
  3 quokkas
  8 bats
  11 frilled lizards
  A hobgoblin zombie (Ossuary)
  8 kobolds
  3 leopard gecko skeletons
  An orc zombie (Ossuary)
  14 rats
  A plant (D:4)
249 creatures vanquished.

Vanquished Creatures (collateral kills)
  A minotaur (Lab)
  A two-headed ogre (D:12)
  An ugly thing (D:11)
  A wyvern (D:9)
  A yak (D:9)
  Menkaure (D:5)
  A warg (D:9)
  A water moccasin (D:10)
  A sky beast (D:11)
  A necrophage (D:11)
  An ice beast (D:9)
  5 killer bees
  A jelly (D:11)
  2 orc priests
  A centaur skeleton (D:10)
  A hound (D:7)
  A bullfrog zombie (D:7)
  A bullfrog skeleton (D:11)
  4 orc wizards
  A worker ant (D:12)
  A worker ant zombie (D:9)
  An adder (D:9)
  A gnoll (D:9)
  An adder skeleton (D:7)
  A leopard gecko (D:8)
  13 orcs
  A giant cockroach (D:8)
  3 jackals
  A jackal skeleton (D:7)
51 creatures vanquished.

Vanquished Creatures (others)
  A black bear (D:4)
  2 knights
  2 ancestors
  An orc (D:4)
6 creatures vanquished.

Grand Total: 306 creatures vanquished

Notes
Turn   | Place    | Note
-------+----------+-------------------------------------------
     0 | D:1      | Inarius the Draconian Ice Elementalist began the quest for the Orb.
     0 | D:1      | Reached XP level 1. HP: 14/14 MP: 3/3
   924 | D:1      | Reached XP level 2. HP: 18/20 MP: 3/5
  1315 | D:2      | Noticed Jessica
  1324 | D:2      | Killed Jessica
  1324 | D:2      | Reached skill level 4 in Ice Magic
  1324 | D:2      | Reached XP level 3. HP: 19/26 MP: 3/6
  1415 | D:2      | Learned a level 3 spell: Ozocubu's Armour
  1690 | D:2      | Noticed Robin
  2006 | D:2      | Killed Robin
  2006 | D:2      | Reached XP level 4. HP: 24/33 MP: 0/7
  2699 | D:3      | Reached skill level 1 in Charms
  2710 | D:3      | Learned a level 4 spell: Throw Icicle
  2946 | D:4      | Noticed Menkaure
  2946 | D:4      | Noticed a sky beast
  2965 | D:3      | Killed a sky beast
  2965 | D:3      | Reached skill level 1 in Fighting
  2965 | D:3      | Reached XP level 5. HP: 13/40 MP: 1/9
  3223 | D:4      | Noticed a black bear
  3297 | D:4      | Reached skill level 5 in Ice Magic
  3297 | D:4      | Reached XP level 6. HP: 38/47 MP: 3/10
  3544 | D:4      | Found a shimmering altar of Xom.
  3666 | D:4      | Found an iron altar of Okawaru.
  4034 | D:4      | Found a transporter.
  4075 | D:4      | Found a transporter.
  4079 | D:5      | Entered Level 5 of the Dungeon
  4192 | D:5      | Found a glowing drain.
  4229 | Sewer    | Entered a sewer
  4339 | Sewer    | Noticed Purgy
  4363 | Sewer    | Killed Purgy
  4488 | D:5      | Found a sand-covered staircase.
  4497 | Ossuary  | Entered an ossuary
  4639 | Ossuary  | Your scales start taking on a lurid green colour.
  4639 | Ossuary  | Reached XP level 7. HP: 53/53 MP: 12/12
  4639 | Ossuary  | Gained mutation: Your system is resistant to poisons. (rPois) [Green Draconian growth]
  5150 | Ossuary  | Reached skill level 6 in Ice Magic
  5207 | D:5      | Learned a level 4 spell: Summon Ice Beast
  5702 | D:4      | Found a bloodstained altar of Trog.
  5706 | D:4      | Found a glowing silver altar of Zin.
  6160 | D:4      | Found a shattered altar of Ashenzari.
  6752 | D:6      | Reached skill level 1 in Summonings
  7025 | D:6      | Reached XP level 8. HP: 53/62 MP: 14/14
  7569 | D:6      | Reached skill level 7 in Ice Magic
  7916 | D:7      | Noticed a hippogriff
  7935 | D:7      | Killed a hippogriff
  8274 | D:7      | Found a hazy altar of Hepliaklqana.
  8279 | D:7      | Became a worshipper of Hepliaklqana the Forgotten
  8393 | D:7      | Reached skill level 8 in Ice Magic
  8450 | D:7      | Found a shattered altar of Ashenzari.
  8511 | D:7      | Reached skill level 5 in Spellcasting
  8511 | D:7      | Reached XP level 9. HP: 28/61 MP: 16/16
  9312 | D:7      | Found a staircase to the Ecumenical Temple.
  9443 | D:5      | Killed Menkaure
  9595 | D:4      | Got a pair of dazzling boots
  9608 | D:4      | Identified the +2 pair of boots of Melancholy {*Slow rF+ Str+3 Dex+7} (You found it on level 4 of the Dungeon)
  9739 | D:8      | Found a shimmering altar of Xom.
  9749 | D:8      | Noticed a two-headed ogre
  9764 | D:8      | Killed a two-headed ogre
  9764 | D:8      | Reached skill level 9 in Ice Magic
  9879 | D:8      | Noticed Joseph
  9953 | D:8      | Killed Joseph
 10045 | D:8      | Gained mutation: You passively map a small area around you. [potion of mutation]
 10045 | D:8      | Gained mutation: Your skin changes colour to match your surroundings (Stealth+). [potion of mutation]
 10045 | D:8      | Gained mutation: You have a pair of small horns on your head. [potion of mutation]
 10045 | D:8      | Gained mutation: You have a pair of horns on your head. [potion of mutation]
 10328 | D:8      | Reached * piety under Hepliaklqana
 10486 | D:8      | Found an opulent altar of Gozag.
 10766 | D:9      | Reached XP level 10. HP: 70/70 MP: 17/19
 10775 | D:9      | Noticed a skeletal warrior
 10796 | D:9      | Noticed a skeletal warrior
 10830 | D:9      | Reached skill level 10 in Ice Magic
 11002 | D:9      | Found a bloodstained altar of Trog.
 11032 | D:9      | Reached skill level 5 in Dodging
 11433 | D:10     | Entered Level 10 of the Dungeon
 11478 | D:10     | Reached ** piety under Hepliaklqana
 11479 | D:10     | Remembered your ancestor Onaxys as a knight
 11732 | D:10     | Reached skill level 5 in Conjurations
 11767 | D:10     | Reached skill level 1 in Shields
 12094 | D:10     | Reached skill level 11 in Ice Magic
 12128 | D:10     | Found a staircase to the Lair.
 12558 | D:10     | Found a staircase to the Orcish Mines.
 12850 | D:11     | Found Qiomag's Antique Weapon Shoppe.
 12850 | D:11     | Noticed Gastronok
 12877 | D:11     | Killed Gastronok
 12877 | D:11     | Reached XP level 11. HP: 57/76 MP: 1/20
 12988 | D:11     | Bought a faintly glowing falchion for 200 gold pieces
 12988 | D:11     | Identified the +10 falchion of Eternal Harmony {slice, *Corrode rElec rC++} (You bought it in a shop on level 11 of the Dungeon)
 13006 | D:11     | Noticed a white ugly thing
 13018 | D:11     | Killed a white ugly thing
 13572 | D:11     | Noticed a brown ugly thing
 13581 | D:11     | Killed a brown ugly thing
 13740 | D:12     | Found a labyrinth entrance.
 13741 | D:12     | Noticed a two-headed ogre
 13747 | D:12     | Killed a two-headed ogre
 13747 | D:12     | Reached skill level 12 in Ice Magic
 13752 | Lab      | Entered a labyrinth
 14108 | Lab      | Noticed a minotaur
 14116 | Lab      | Killed a minotaur
 14116 | Lab      | Reached skill level 5 in Fighting
 14122 | Lab      | Identified Sif Muna's Reference Book on Transmigration
 14123 | Lab      | Got a flickering lead ring
 14133 | Lab      | Identified the ring of Icesobe {*Tele MR++ Int+2 SInv Stlth-} (You found it in a labyrinth)
 14226 | D:12     | Noticed a brown ugly thing
 14230 | D:12     | Noticed a deep elf mage
 14237 | D:12     | Killed a brown ugly thing
 14250 | D:12     | Killed a deep elf mage
 14253 | D:12     | Noticed Frances
 14254 | D:12     | Noticed a two-headed ogre
 14259 | D:12     | Mangled by a two-headed ogre

Skill      XL: |  1  2  3  4  5  6  7  8  9 10 11 |
---------------+----------------------------------+-----
Dodging        | 2 3 4 5 |  5.2
Ice Magic      | 4 5 6 8 9 11 12 | 12.4
Charms         | 1 2 3 |  3.6
Fighting       | 1 2 3 4 5 |  5.0
Spellcasting   | 3 4 5 6 |  6.5
Conjurations   | 2 3 4 6 |  6.6
Summonings     | 1 3 |  3.9
Shields        | 2 3 |  3.4
Stealth        | |  1.7

Action                   |  1- 3 |  4- 6 |  7- 9 | 10-12 || total
-------------------------+-------+-------+-------+-------++-------
Melee: Whip              |    77 |     7 |       |       ||    84
       Unarmed           |     2 |       |       |       ||     2
       Tailslap          |     3 |    14 |    41 |    18 ||    76
       Dagger            |       |   141 |   358 |   144 ||   643
       Headbutt          |       |       |    13 |    41 ||    54
       Falchion          |       |       |       |    37 ||    37
 Cast: Freeze            |    29 |    35 |    50 |     3 ||   117
       Ozocubu's Armour  |     1 |     1 |    14 |    12 ||    28
       Throw Icicle      |       |       |    30 |    56 ||    86
       Summon Ice Beast  |       |       |       |    12 ||    12
Invok: Ancestor Identity |       |       |     1 |       ||     1
       Ancestor Life: Kn |       |       |       |     1 ||     1
  Use: Scroll            |       |     5 |    10 |     6 ||    21
       Potion            |       |     3 |     3 |     1 ||     7
 Stab: Sleeping          |    14 |    10 |     2 |     3 ||    29
       Distracted        |       |       |     5 |     3 ||     8
  Eat: Chunk             |     4 |     8 |    12 |    17 ||    41
       Ration            |       |       |     5 |     1 ||     6
Armor: Skin              |    38 |    71 |   110 |    57 ||   276
Dodge: Dodged            |    86 |   113 |   277 |   155 ||   631
Block: Buckler           |       |       |     7 |    54 ||    61
       Rpst.: Falchion   |       |       |       |    11 ||    11
